 Dungeon Crawl Stone Soup version 0.28-a0-773-g130ae17fe5 (webtiles) character file.

Game seed: 2130199499178780431

474479 lawman0 the Sorcerer (level 25, -1/206 HPs)
             Began as a Djinni Summoner on Oct 31, 2021.
             Was the Champion of Ashenzari.
             Splashed by a caustic shrike's acid (7 damage)
             ... while paralysed by a floating eye
             ... on level 2 of the Depths on Nov 1, 2021.
             The game lasted 04:29:37 (84595 turns).

lawman0 the Sorcerer (Djinni Summoner)             Turns: 84595, Time: 04:29:39

Health: -1/206     AC: 12    Str: 14    XL:     25   Next: 98%
Gold:   3005       EV:  2    Int: 26    God:    Ashenzari [******] SH:  0 Dex: 16

rFire   + + +      SeeInvis +   P - +9 demon trident "Behold Eternity" {elec, Evo, Cun} (curse)
rCold   + . .      Faith    .   V - +5 kite shield of Ashenzari's Submission {rC+ rF+, Melee, Cun} (curse)
rNeg    . . .      Spirit   .   Q - +10 ring mail of Ashenzari's Portent {Stlth+, Self, Evo} (curse)
rPois   ∞          Reflect  .   I - +2 hat of Ashenzari's Urgency {Cun, Evo} (curse)
rElec   .          Harm     .   u - scarf of Desmomancy {repulsion, Self, Evo} (curse)
rCorr   .          Rampage  .   W - +2 pair of gloves of the Cursed Seer {Evo, Fort} (curse)
Will    ++...      Clarity  +   (boots unavailable)
Stlth   +++++++...              B - amulet of the Cursed Adversity {Acrobat, Evo, Self} (curse)
HPRegen 0.44/turn               J - ring of the Fated Entitlement {Wiz, Range, Self} (curse)
MPRegen 0.00/turn               K - ring of Ashenzari's Fallacy {rPois rC+ Str+4, Fort, Melee} (curse)

@: paralysed, corroded, flying, repel missiles
A: sickness immunity, fire resistance 2, cold vulnerability 1, float, innate
caster, hp casting, extra vitality 1, clever 1, clumsy 1, strong 1
}: 2/15 runes: barnacled, gossamer
a: Renounce Religion, Shatter the Chains


You were on level 2 of the Depths.
You worshipped Ashenzari.
Ashenzari was exalted by your worship.
You visited 9 branches of the dungeon, and saw 43 of its levels.
You visited the Abyss 1 time.
You also visited: Sewer, Gauntlet, Ice Cave and Volcano.

You collected 6064 gold pieces.
You spent 3059 gold pieces at shops.

Inventory:

Hand Weapons
 P - the cursed +9 demon trident "Behold Eternity" (weapon) {elec, Evo, Cun}
   (You took it off Donald on level 3 of the Spider Nest)

   It occasionally discharges a powerful burst of electricity upon striking a
   foe.
   It has a curse which improves the following skills: Evocations: Evocations.
   Cunning:   Dodging and Stealth.
Missiles
 k - 6 throwing nets
 s - 43 boomerangs (quivered)
 E - 4 boomerangs of dispersal
 X - 14 atropa-tipped darts
Armour
 u - the cursed scarf of Desmomancy (worn) {repulsion, Self, Evo}
   (You found it on level 1 of the Dungeon)

   It has a curse which improves the following skills: Introspection: Fighting
   and Spellcasting.
   Evocations: Evocations.
 I - the cursed +2 hat of Ashenzari's Urgency (worn) {Cun, Evo}
   (You found it on level 15 of the Dungeon)

   It has a curse which improves the following skills: Cunning: Dodging and
   Stealth.
   Evocations: Evocations.
 Q - the cursed +10 ring mail of Ashenzari's Portent (worn) {Stlth+, Self, Evo}
   (You took it off a minotaur in a Gauntlet)

   Stlth:     It makes you more stealthy.
   It has a curse which improves the following skills: Introspection: Fighting
   and Spellcasting.
   Evocations: Evocations.
 V - the cursed +5 kite shield of Ashenzari's Submission (worn) {rC+ rF+, Melee, Cun}
   (You found it in a Gauntlet)

   It has a curse which improves the following skills: Melee Combat: Short
   Blades, Long Blades, Axes, Maces & Flails, Polearms, Staves and Unarmed
   Combat.
   Cunning:   Dodging and Stealth.
 W - the cursed +2 pair of gloves of the Cursed Seer (worn) {Evo, Fort}
   (You bought it in a shop on level 1 of the Elven Halls)

   It has a curse which improves the following skills: Evocations: Evocations.
   Fortitude: Armour and Shields.
Jewellery
 m - the amulet of Zotamuat {Will+ Regen+ Str+2 Int-5}
   (You found it on level 3 of the Crypt)

   [amulet of regeneration]

   Str:       It affects your strength (+2).
   Int:       It affects your intelligence (-5).
   Regen:     It increases your rate of health regeneration.
   Will:      It increases your willpower.
 p - the amulet of the Cicada {Harm Regen+ Str+2}
   (You found it on level 3 of the Crypt)

   [amulet of regeneration]

   Str:       It affects your strength (+2).
   Regen:     It increases your rate of health regeneration.
   Harm:      It increases damage dealt and taken.
 B - the cursed amulet of the Cursed Adversity (around neck) {Acrobat, Evo, Self}
   (You took it off Edmund on level 5 of the Dungeon)

   [amulet of the acrobat]

   It increases your evasion while moving and waiting.
   It has a curse which improves the following skills: Evocations: Evocations.
   Introspection: Fighting and Spellcasting.
 J - the cursed ring of the Fated Entitlement (left hand) {Wiz, Range, Self}
   (You bought it in a shop on level 8 of the Dungeon)

   [ring of wizardry]

   It improves your spell success rate.
   It has a curse which improves the following skills: Ranged Combat: Slings,
   Bows, Crossbows and Throwing.
   Introspection: Fighting and Spellcasting.
 K - the cursed ring of Ashenzari's Fallacy (right hand) {rPois rC+ Str+4, Fort, Melee}
   (You found it on level 12 of the Dungeon)

   [ring of protection from cold]

   Str:       It affects your strength (+4).
   rC:        It protects you from cold.
   rPois:     It protects you from poison.
   It has a curse which improves the following skills: Fortitude: Armour and
   Shields.
   Melee Combat: Short Blades, Long Blades, Axes, Maces & Flails, Polearms,
   Staves and Unarmed Combat.
 L - an amulet of reflection
 M - a +6 ring of intelligence
 N - an amulet of regeneration
Wands
 a - a wand of charming (17)
 e - a wand of paralysis (15)
 i - a wand of mindburst (15)
 n - a wand of iceblast (70)
 q - a wand of acid (9)
 x - a wand of polymorph (27)
 C - a wand of flame (124)
 D - a wand of digging (24)
Scrolls
 j - 2 scrolls of blinking
 l - 6 scrolls of teleportation
 r - 3 scrolls of fog
 y - 2 scrolls of fear
 G - 5 scrolls of immolation
Potions
 b - 5 potions of haste
 c - 2 potions of invisibility
 f - 4 potions of might
 g - 21 potions of curing
 h - a potion of heal wounds
 o - 7 potions of ambrosia
 t - 5 potions of brilliance
 v - 5 potions of resistance
 F - 5 potions of cancellation
Miscellaneous
 d - a tin of tremorstones (2/2)
 z - a box of beasts (inert)
 R - a lightning rod (4/4)
 S - a condenser vane (inert)
 U - a phial of floods


   Skills:
 + Level 17.0(24.4) Fighting
 - Level 9.8(15.9) Polearms
 - Level 11.7(17.6) Staves
 * Level 6.6(9.8) Throwing
 * Level 11.2(15.9) Armour
 * Level 12.7(18.9) Dodging
 + Level 10.6(16.8) Stealth
 * Level 16.0(20.6) Shields
 - Level 22.0(27) Spellcasting
 + Level 4.4(12.7) Evocations


You had 4 spell levels left.
You knew the following spells:

 Your Spells              Type           Power      Damage    Failure   Level
a - Summon Small Mammal   Summ           100%       N/A       0%          1
b - Call Imp              Summ           100%       N/A       0%          2
c - Call Canine Familiar  Summ           100%       N/A       0%          3
d - Summon Guardian Gole  Hex/Summ       100%       N/A       0%          3
e - Summon Lightning Spi  Summ/Air       100%       N/A       0%          4
f - Pain                  Necr           100%       1d9       0%          1
g - Blink                 Tloc           100%       N/A       0%          2
h - Gell's Gravitas       Tloc           100%       N/A       0%          3
i - Animate Armour        Summ/Erth      100%       N/A       0%          4
j - Airstrike             Air            54%        N/A       0%          4
k - Silence               Hex/Air        54%        N/A       0%          5
l - Death Channel         Necr           54%        N/A       0%          6
m - Summon Hydra          Summ           54%        N/A       0%          7
n - Simulacrum            Ice/Necr       54%        N/A       0%          6
o - Infestation           Necr           54%        N/A       1%          8
p - Storm Form            Tmut/Air       54%        N/A       0%          7
q - Lehudib's Crystal Sp  Conj/Erth      54%        10d13     1%          8
Your spell library was empty.

Dungeon Overview and Level Annotations

Branches:
Dungeon (15/15)            Temple (0/1) D:6            Lair (6/6) D:10
 Shoals (4/4) Lair:4       Spider (4/4) Lair:4        Slime (0/5) Lair:6
    Orc (2/2) D:10            Elf (3/3) Orc:2        Vaults (4/5) D:14
  Crypt (3/3) Vaults:3       Tomb (0/3) Crypt:3      Depths (2/4) D:15
  Sewer (visited)           IceCv (visited)         Volcano (visited)
Gauntlet (visited)

Altars:
Ashenzari
Cheibriados
Dithmenos
Elyvilon
Hepliaklqana
Kikubaaqudgha
Makhleb
Okawaru
Trog
Uskayaw
Vehumet
Yredelemnul
Zin
The Shining One
Beogh
Jiyva

Shops:
D:1 !   D:8 =   D:9 [   D:12 :   D:13 !*   Orc:2 (?[!   Elf:1 [
Shoals:1 (??*[   Vaults:1 [   Vaults:2 *   Depths:1 **[   Depths:2 :

Portals:
Hell: Depths:1
Pandemonium: Depths:2

Annotations:
D:2 1 runed translucent door, Crazy Yiuf
D:3 3 runed translucent doors, tinescath's ghost, amateur DEWz
D:14 exclusion: frost giant
Vaults:4 3 runed translucent doors, shoop's ghost, veteran BaWr
Crypt:1 Saint Roka


Innate Abilities, Weirdness & Mutations

You are immune to sickness and miasma.
You are immune to poison.
Your flesh is very heat resistant. (rF++)
You are vulnerable to cold. (rC-)
You float through the air rather than walking.
You learn spells naturally, not from books.
Your magical power is your life essence.
You have superior vitality. (+4 HP)
Your mind is acute. (Int +2)
You are clumsy. (Dex -2)
Your muscles are strong. (Str +2)


Message History

Press: ? - help, Shift-Dir - straight line, f/p - caustic shrike
Aim: a caustic shrike (65% to hit)
The crystal spear misses the caustic shrike.
You block the caustic shrike's attack. The caustic shrike closely misses you.
Unknown command.
Unknown command.
As you read the scroll of fear, it crumbles to dust.
You assume a fearsome visage.
The titan resists with almost no effort.
The caustic shrike looks frightened!
The titan hits you!!!
* * * LOW HITPOINT WARNING * * *
The titan casts a spell at you. The bolt of lightning misses you.
Items here: ) = [ †.
You feel much better.
The caustic shrike seems to regain its courage.
A floating eye comes into view.
Okay, then.
Casting: Lehudib's Crystal Spear (mildly dangerous; 1% risk of failure)
Confirm with . or Enter, or press ? or * to list all spells.
Okay, then.
Blink to where?
Press: ? - help, Dir - move target, p - caustic shrike
As you read the scroll of blinking, it crumbles to dust.
The caustic shrike claws you!
* * * LOW HITPOINT WARNING * * *
The acid corrodes you!
You are splashed with acid!
* * * LOW HITPOINT WARNING * * *
The floating eye seems to glare at you. The caustic shrike barely misses you.
You block the titan's attack.
The floating eye gazes piercingly through you!
You suddenly lose the ability to move!
The caustic shrike claws you!
* * * LOW HITPOINT WARNING * * *
You are splashed with acid!
* * * LOW HITPOINT WARNING * * *
The caustic shrike claws you!
* * * LOW HITPOINT WARNING * * *
The acid corrodes you!
You are splashed with acid!
You die...

...<#.#...............#####......
...)÷.†...............#######..##
(.......#.................######*
.............#.....[####....
..##.........#.....#[##+#..#*****
[.##.............D.##..##.#+*∆∆ +
#.##............G..##..####* {{,
#.#.(..............#'########D.##
..##.....≈....†b@...#########++##
.......≈≈≈...[.C........####....#
.......≈≈≈≈...=.)......####......
#......(.≈≈.....####...###*......
##.......)≈...)#'##'#..##..*;bC..
#......[......)##).##..##=.b)i...
#........)....)##?.##..##}iC.C)..
...............#+##+#..##$.......
.#..............####...###.......


You could see a titan, a caustic shrike, a fire dragon and a floating eye.

Vanquished Creatures
  Mara (Spider:3)
  Sojobo (Crypt:2)
  Bai Suzhen (Spider:3)
  Boris (Vaults:3)
  Xtahua (Crypt:2)
  3 caustic shrikes (Depths:2)
  A bone dragon (Crypt:3)
  Jorgrun (D:13)
  Asterion (Vaults:3)
  A walking earthen tome (Depths:2)
  2 liches (Crypt:3)
  3 ancient champions (Crypt:3)
  2 tengu reavers (Crypt:2)
  3 vault wardens
  A fire giant (Depths:2)
  2 frost giants
  8 ghost moths
  A deep elf sorcerer (Elf:3)
  A deep elf elementalist (Elf:3)
  3 ghouls (Crypt:2)
  A caustic shrike zombie (Crypt:3)
  5 curse skulls
  5 very ugly things
  2 ironbound preservers
  A reaper (IceCv)
  2 spriggan defenders (Depths:2)
  2 deep elf demonologists (Elf:3)
  3 dire elephants
  A spectral titan (Crypt:3)
  An entropy weaver (Spider:4)
  A deep elf annihilator (Elf:3)
  A minotaur (Gauntlet)
  6 eidola
  2 merfolk javelineers
  4 deep elf death magi
  6 jiangshi
  2 yaktaur captains (Vaults:2)
  2 fire dragons
  A spectral shadow dragon (Crypt:3)
  3 ironbound thunderhulks
  3 great orbs of eyes
  A vault guard (Vaults:2)
  A rakshasa (D:15)
  An ice dragon (D:11)
  An ogre mage (Vaults:2)
  3 boulder beetles
  2 catoblepae
  6 hydras
  4 centaur warriors
  2 ironbound frosthearts
  A death knight (Crypt:3)
  12 dancing weapons
  2 death scarabs (Gauntlet)
  2 death yaks (Lair:4)
  A deep troll shaman (Depths:1)
  2 orc high priests (Orc:2)
  5 spriggan berserkers (Depths:2)
  8 vampire magi
  8 deep elf knights
  A soul eater (Crypt:3)
  A spectral death yak (Gauntlet)
  A titan skeleton (Crypt:1)
  13 skeletal warriors
  A bunyip zombie (Crypt:3)
  2 flayed ghosts (Crypt:2)
  9 shadow wraiths (Crypt:3)
  2 glowing orange brains
  9 deep trolls
  15 phantasmal warriors
  5 deep elf archers
  An ironbound convoker (Vaults:4)
  5 wizards
  2 necromancers
  4 wolf spiders
  A harpy (Shoals:3)
  6 orb spiders
  8 deep elf zephyrmancers
  2 fauns (Shoals:3)
  A goliath frog zombie (Crypt:1)
  14 deep elf pyromancers
  4 cyclopes
  3 orc sorcerers
  3 orc knights
  A harpy (shapeshifter) (D:14)
  13 ugly things
  2 elephants (Lair:6)
  An ice statue (IceCv)
  5 vault sentinels
  A water nymph (Shoals:3)
  A gargoyle (D:12)
  A torpor snail (shapeshifter) (Depths:1)
  4 cane toads
  A death yak zombie (Crypt:1)
  An unseen horror (D:10)
  A black draconian zombie (Crypt:1)
  2 minotaur zombies (Crypt:3)
  A rime drake (Lair:3)
  11 yaktaurs
  An anaconda simulacrum (IceCv)
  6 freezing wraiths
  4 komodo dragons
  A demonic crawler (Spider:1)
  An efreet (D:14)
  A yellow draconian skeleton (Crypt:2)
  A spectral harpy (Crypt:3)
  3 trolls
  A queen bee (Lair:3)
  8 jumping spiders
  A merfolk (Shoals:4)
  2 raiju
  A meliai (Spider:3)
  7 hornets
  2 wind drakes
  10 slime creatures
  A death drake skeleton (Crypt:3)
  2 dream sheep (Lair:6)
  A spectral dream sheep (Gauntlet)
  A snapping turtle (Shoals:2)
  3 blink frogs
  A guardian serpent skeleton (Crypt:3)
  2 air elementals
  14 redbacks
  A spriggan (shapeshifter) (D:13)
  5 flying skulls (Crypt:3)
  A tarantella (Spider:3)
  5 spriggans (Depths:2)
  4 wraiths
  8 shadows
  3 water elementals
  16 yaks
  4 wyverns
  3 fire elementals
  An ettin skeleton (Depths:1)
  A basilisk (D:12)
  2 steam dragons
  Menkaure (D:5)
  A harpy simulacrum (IceCv)
  A warg (Lair:6)
  A swamp worm (Lair:1)
  An acid dragon (D:13)
  A deep troll zombie (Crypt:2)
  8 water moccasins
  8 hell hounds
  A sky beast (D:5)
  3 ogres
  5 orc warriors (Orc:2)
  3 black bears
  2 necrophages (Crypt:2)
  A boggart (Lair:4)
  11 wolves
  10 centaurs
  2 phantoms
  A yaktaur zombie (Crypt:2)
  A kobold brigand (D:8)
  2 bullfrogs
  4 scorpions
  A gnoll sergeant (D:10)
  An earth elemental (Elf:1)
  A palentonga skeleton (Crypt:1)
  10 killer bees
  A spriggan skeleton (Crypt:1)
  5 wights
  3 electric eels
  3 howler monkeys
  A wolf zombie (Crypt:2)
  2 centaur zombies
  A bullfrog skeleton (D:5)
  2 centaur skeletons (Crypt:2)
  15 orc priests
  Natasha (thrice) (D:3)
  13 orc wizards
  2 polar bear simulacra (IceCv)
  2 spriggan simulacra (IceCv)
  2 troll simulacra (IceCv)
  2 wolf simulacra (IceCv)
  2 gnolls
  3 adders
  A shadow imp (D:7)
  2 white imps
  2 ufetubi
  An adder skeleton (D:2)
  A worm (D:3)
  40 orcs
  7 ball pythons
  3 bats (D:1)
  3 endoplasms (D:4)
  2 giant cockroaches
  7 goblins
  4 hobgoblins
  A jackal (Sewer)
  9 kobolds
  2 quokkas (D:4)
  An orc zombie (Crypt:1)
  5 rats
  A rat skeleton (Crypt:1)
  A starspawn tentacle (Abyss:2)
678 creatures vanquished.

Vanquished Creatures (collateral kills)
  Frederick (Crypt:1)
  Margery (Vaults:3)
  Nikola (Spider:3)
  Rupert (D:13)
  Mlioglotl (Spider:4)
  2 liches (Crypt:3)
  A deep elf blademaster (Elf:3)
  A titan (Vaults:3)
  A deep elf master archer (Elf:3)
  The ghost of jasper the Warrior, an adept DsAr of Okawaru (Elf:3)
  Polyphemus (Shoals:4)
  A kraken (Shoals:2)
  2 ancient champions
  A tentacled starspawn (Abyss:2)
  3 sphinxes
  Donald (Spider:3)
  Roxanne (Spider:4)
  10 deep elf sorcerers
  7 vault wardens
  A fire giant (Vaults:1)
  Ilsuiw (Shoals:3)
  2 frost giants
  3 revenants
  A ghost moth (Spider:4)
  A spectral juggernaut (Crypt:3)
  A curse skull (Crypt:2)
  Aizul (Vaults:1)
  7 emperor scorpions
  5 orc warlords
  Louise (D:15)
  2 deep elf elementalists
  9 ironbound preservers
  16 very ugly things
  3 ghouls
  A vampire knight (Depths:1)
  A reaper (Crypt:2)
  3 stone giants (Depths:2)
  3 deep elf demonologists
  An entropy weaver (Lair:4)
  A spectral titan (Crypt:3)
  3 deep elf annihilators (Elf:3)
  6 dire elephants
  A spark wasp (Spider:2)
  5 merfolk javelineers
  2 eidola (Crypt:3)
  4 deep elf death magi
  7 merfolk impalers
  2 crystal guardians
  A fire dragon (Depths:2)
  The ghost of Puekk the Protected, a journeyman DsMo of Wu Jian (Lair:4)
  3 jiangshi
  A deep elf high priest (Elf:3)
  3 great orbs of eyes
  A spectral quicksilver dragon (Crypt:3)
  2 rakshasas (Depths:1)
  A catoblepas (Shoals:4)
  10 yaktaur captains
  2 ice dragons (Depths:1)
  5 ironbound thunderhulks
  8 merfolk avatars
  2 peacekeepers
  3 death knights
  12 boulder beetles
  A spriggan air mage (Depths:1)
  12 centaur warriors
  8 ironbound frosthearts
  8 hydras
  4 vault guards
  A satyr (shapeshifter) (D:15)
  9 two-headed ogres
  4 tengu warriors
  2 satyrs (Shoals:4)
  18 dancing weapons
  14 death yaks
  2 deep troll earth magi (Depths:2)
  A deep troll shaman (Depths:2)
  A vampire mage (Depths:1)
  A thrashing horror (Abyss:2)
  5 orc high priests
  A spriggan berserker (Depths:2)
  A spectral dire elephant (Crypt:3)
  A hell knight (Vaults:3)
  15 deep elf knights
  2 iron trolls (Depths:1)
  13 skeletal warriors
  27 deep trolls
  5 flayed ghosts
  6 shadow wraiths (Crypt:3)
  11 sea snakes
  2 glowing orange brains
  An iron giant skeleton (Crypt:1)
  12 ironbound convokers
  A tengu zombie (Vaults:4)
  11 wizards
  2 necromancers
  14 orb spiders
  4 deep elf archers
  Pikel (D:5)
  16 harpies
  9 lindwurms
  6 phantasmal warriors
  19 deep elf zephyrmancers
  28 deep elf pyromancers
  A stone giant zombie (Depths:1)
  45 ugly things
  3 orc sorcerers
  12 orc knights
  7 fauns
  3 cyclopes
  15 manticores
  22 wolf spiders
  A spectral centaur (Crypt:3)
  5 merfolk sirens
  6 water nymphs
  9 vault sentinels
  A fire giant skeleton (Depths:1)
  A frost giant skeleton (Vaults:4)
  4 elephants
  4 moths of wrath
  5 black mambas
  A torpor snail (shapeshifter) (Vaults:1)
  A torpor snail (Spider:4)
  An unseen horror (D:11)
  8 cane toads
  Psyche (D:8)
  4 komodo dragons
  5 demonic crawlers
  An anaconda simulacrum (IceCv)
  23 yaktaurs
  2 tengu conjurers (D:15)
  A pale draconian zombie (Crypt:3)
  2 efreet
  An alligator snapping turtle skeleton (Crypt:3)
  2 freezing wraiths (Crypt:1)
  3 hornets
  22 merfolk
  2 meliai (Spider:3)
  Grinder (D:5)
  A harpy zombie (Crypt:3)
  3 trolls
  13 polar bears
  2 wind drakes
  A jumping spider (shapeshifter) (Elf:3)
  22 jumping spiders
  A raiju (Lair:6)
  40 slime creatures
  6 dream sheep
  10 snapping turtles
  11 blink frogs
  4 flying skulls (Crypt:3)
  52 redbacks
  A small abomination (Abyss:2)
  7 water elementals
  4 shadows
  A ynoxinul (Abyss:2)
  An ettin zombie (Crypt:3)
  An air elemental (Elf:2)
  An ettin skeleton (Vaults:4)
  8 wraiths
  45 yaks
  4 spriggans
  20 tarantellas
  2 wyverns (Lair:3)
  A hog (shapeshifter) (Elf:3)
  2 large abominations (Abyss:2)
  A tarantella (shapeshifter) (Depths:2)
  A fire bat (shapeshifter) (D:14)
  3 fire elementals
  A vampire mosquito (D:14)
  3 basilisks
  A death yak simulacrum (IceCv)
  Edmund (D:5)
  A naga zombie (Crypt:3)
  8 wargs
  3 swamp worms (Lair:1)
  10 hell hounds
  A harpy simulacrum (IceCv)
  9 water moccasins
  A faun skeleton (Crypt:1)
  A cane toad skeleton (Crypt:3)
  37 orc warriors
  11 black bears
  A black bear (shapeshifter) (Elf:1)
  A lindwurm zombie (Crypt:2)
  5 necrophages
  10 ogres
  22 wolves
  An elephant zombie (Crypt:2)
  9 centaurs
  A phantom (D:5)
  An elf simulacrum (Vaults:4)
  4 bullfrogs
  An elf zombie (Crypt:3)
  2 kobold brigands
  2 lemures (D:5)
  A cane toad simulacrum (IceCv)
  A gnoll sergeant (D:10)
  10 two-headed ogre simulacra (IceCv)
  A wyvern skeleton (Crypt:3)
  A water moccasin skeleton (Crypt:3)
  An elephant simulacrum (IceCv)
  16 killer bees (Lair:3)
  9 wights
  5 howler monkeys
  4 centaur zombies
  4 jellies
  21 orc priests
  A hound (D:6)
  A human skeleton (Crypt:2)
  4 spriggan simulacra (IceCv)
  9 orc wizards
  A polar bear simulacrum (IceCv)
  5 troll simulacra (IceCv)
  A dwarf zombie (Crypt:3)
  A howler monkey zombie (D:10)
  Robin (D:2)
  8 gnolls
  4 naga simulacra (IceCv)
  2 river rats
  2 white imps (IceCv)
  An ufetubus (IceCv)
  2 worms
  A dart slug (D:1)
  61 orcs
  5 bats
  An endoplasm (D:1)
  A giant cockroach (D:3)
  10 goblins
  A hobgoblin (D:2)
  A jackal (Sewer)
  8 kobolds
  A ball python (D:1)
  A frilled lizard (D:3)
  2 rats (Sewer)
  A rat zombie (Crypt:1)
  4 tentacles (Shoals:2)
1343 creatures vanquished.

Vanquished Creatures (others)
  A deep elf knight (Elf:2)
  A deep elf pyromancer (Elf:1)
  A slime creature (Vaults:4)
  A jumping spider (Spider:2)
  A tarantella (Spider:1)
  A centaur (D:13)
  A white imp (D:5)
  20 fungi
  179 plants
  2 starspawn tentacles (Abyss:2)
  2 tentacles (Shoals:2)
210 creatures vanquished.

Grand Total: 2231 creatures vanquished

Notes
Turn   | Place    | Note
-------+----------+-------------------------------------------
     0 | D:1      | lawman0 the Djinni Summoner began the quest for the Orb.
     0 | D:1      | Reached XP level 1. HP: 15/15 MP: 0/0
   317 | D:1      | Found Urroa's Distillery.
   318 | D:1      | Reached XP level 2. HP: 17/21 MP: 0/0
   406 | D:1      | well then
   423 | D:1      | Bought a potion of degeneration for 10 gold pieces
  1397 | D:2      | Reached XP level 3. HP: 25/25 MP: 0/0
  1397 | D:2      | Learned a level 1 spell: Pain
  1417 | D:2      | Reached skill level 1 in Staves
  1539 | D:2      | Found a faded altar of an unknown god.
  1647 | D:2      | Noticed Robin
  1683 | D:2      | Killed Robin
  1684 | D:2      | Reached skill level 1 in Armour
  1684 | D:2      | Reached XP level 4. HP: 18/31 MP: 0/0
  2578 | D:2      | Found a runed translucent door.
  2579 | D:2      | Noticed Crazy Yiuf
  2657 | D:3      | Noticed Natasha
  2671 | D:3      | Killed Natasha
  2672 | D:3      | Reached XP level 5. HP: 26/36 MP: 0/0
  2672 | D:3      | Learned a level 2 spell: Blink
  2697 | D:3      | Noticed Natasha
  2706 | D:3      | Killed Natasha
  2925 | D:3      | Found a runed translucent gate.
  2925 | D:3      | Found a runed translucent gate.
  2926 | D:3      | Found a runed translucent gate.
  2929 | D:3      | Noticed tinescath's ghost (amateur DEWz)
  3101 | D:3      | Noticed Natasha
  3113 | D:3      | Killed Natasha
  3114 | D:3      | Reached skill level 1 in Fighting
  3932 | D:4      | Reached XP level 6. HP: 42/42 MP: 0/0
  3951 | D:5      | Entered Level 5 of the Dungeon
  4024 | D:5      | Found a broken altar of Ashenzari.
  4028 | D:5      | Saw a vision of the Shoals and the Spider Nest.
  4028 | D:5      | Noticed a wolf spider
  4028 | D:5      | Noticed a redback
  4028 | D:5      | Noticed a wolf spider
  4028 | D:5      | Noticed a redback
  4028 | D:5      | Noticed a sea snake
  4028 | D:5      | Noticed a sea snake
  4028 | D:5      | Noticed a merfolk
  4028 | D:5      | Noticed a merfolk siren
  4029 | D:5      | Noticed a wolf spider
  4029 | D:5      | Noticed a redback
  4029 | D:5      | Noticed a merfolk siren
  4032 | D:5      | Became a worshipper of Ashenzari the Shackled
  4050 | D:5      | Reached skill level 4 in Spellcasting
  4640 | D:4      | Noticed an ogre
  4642 | D:4      | Reached XP level 7. HP: 28/47 MP: 0/0
  4642 | D:4      | Learned a level 3 spell: Gell's Gravitas
  5176 | D:5      | Noticed Grinder
  5198 | D:5      | Killed Grinder
  5232 | D:5      | Reached skill level 5 in Staves
  5232 | D:5      | Reached XP level 8. HP: 40/54 MP: 0/0
  5396 | D:5      | Noticed Pikel
  5463 | D:5      | Killed Pikel
  5464 | D:5      | Reached skill level 5 in Spellcasting
  5523 | D:5      | Noticed Edmund
  5746 | D:5      | Reached XP level 9. HP: 55/59 MP: 0/0
  5746 | D:5      | Learned a level 4 spell: Animate Armour
  5988 | D:5      | Found an iron altar of Okawaru.
  6274 | D:5      | Killed Edmund
  6275 | D:5      | Reached skill level 1 in Evocations
  6634 | D:5      | Reached * piety under Ashenzari
  6638 | D:5      | Noticed Menkaure
  6646 | D:5      | Killed Menkaure
  7084 | D:6      | Found a staircase to the Ecumenical Temple.
  7170 | D:6      | Found a glowing drain.
  7175 | Sewer    | Entered a sewer
  7335 | Sewer    | Reached skill level 6 in Spellcasting
  7448 | Sewer    | Found a white marble altar of Elyvilon.
  7509 | D:6      | Reached ** piety under Ashenzari
  7984 | D:6      | Found a shadowy altar of Dithmenos.
  8085 | D:6      | Reached *** piety under Ashenzari
  8321 | D:7      | Reached XP level 10. HP: 53/72 MP: 0/0
  9003 | D:7      | Found a glowing silver altar of Zin.
  9003 | D:7      | Found a white marble altar of Elyvilon.
  9004 | D:7      | Found a glowing golden altar of the Shining One.
  9185 | D:8      | Found Zoro Uhucs's Jewellery Emporium.
  9336 | D:8      | Found a snail-covered altar of Cheibriados.
  9830 | D:8      | Noticed Psyche
  9867 | D:8      | Killed Psyche
  9868 | D:8      | Reached skill level 7 in Spellcasting
 10036 | D:8      | Found a hide-covered altar of Uskayaw.
 10036 | D:8      | Found a burning altar of Makhleb.
 10120 | D:8      | goddamn
 10406 | D:8      | Reached **** piety under Ashenzari
 10406 | D:8      | Reached ***** piety under Ashenzari
 10579 | D:9      | Noticed a two-headed ogre
 10591 | D:9      | Killed a two-headed ogre
 10711 | D:9      | Found Jaosmor's Armour Emporium.
 10716 | D:9      | Bought a +3 leather armour of willpower for 312 gold pieces
 10935 | D:9      | Reached XP level 11. HP: 81/84 MP: 0/0
 10935 | D:9      | Learned a level 4 spell: Airstrike
 11468 | D:9      | Reached skill level 8 in Spellcasting
 11713 | D:10     | Entered Level 10 of the Dungeon
 11798 | D:10     | Found a staircase to the Lair.
 11819 | D:10     | Noticed an orc knight
 11820 | D:10     | Identified the Grimoire of the Bewitching Birds
 11825 | D:10     | Noticed a skeletal warrior
 11945 | D:10     | Noticed a cyclops
 12016 | D:10     | Reached skill level 10 in Staves
 12025 | D:10     | Killed a cyclops
 12313 | D:10     | Noticed a two-headed ogre
 12379 | D:10     | Killed a two-headed ogre
 12488 | D:10     | Found a staircase to the Orcish Mines.
 12568 | D:10     | Noticed a two-headed ogre
 12576 | D:10     | Killed a two-headed ogre
 12929 | Lair:1   | Entered Level 1 of the Lair of Beasts
 12948 | Lair:1   | Noticed a seven-headed hydra
 12961 | Lair:1   | Killed a seven-headed hydra
 12962 | Lair:1   | Reached skill level 9 in Spellcasting
 13330 | Lair:1   | Reached XP level 12. HP: 92/92 MP: 0/0
 13437 | Lair:1   | Noticed a four-headed hydra
 13456 | Lair:1   | Killed a four-headed hydra
 13773 | Lair:1   | Reached skill level 10 in Spellcasting
 14357 | Lair:2   | Reached skill level 5 in Dodging
 15377 | Lair:3   | Reached skill level 5 in Fighting
 15593 | Lair:3   | Reached skill level 11 in Spellcasting
 16168 | Lair:3   | Reached XP level 13. HP: 96/99 MP: 0/0
 16168 | Lair:3   | Learned a level 5 spell: Silence
 17491 | D:8      | Bought a ring of wizardry for 360 gold pieces
 17769 | Lair:4   | Reached skill level 12 in Spellcasting
 17919 | Lair:4   | Found a runed translucent door.
 17921 | Lair:4   | Noticed a five-headed hydra
 17931 | Lair:4   | Killed a five-headed hydra
 17950 | Lair:4   | Reached ****** piety under Ashenzari
 17951 | Lair:4   | uwu
 17951 | Lair:4   | jesus christ
 18002 | Lair:4   | Found a staircase to the Shoals.
 18336 | Lair:4   | Found a hole to the Spider Nest.
 18389 | Lair:4   | Noticed a five-headed hydra
 18416 | Lair:4   | Killed a five-headed hydra
 18539 | Lair:4   | Noticed a four-headed hydra
 18544 | Lair:4   | Killed a four-headed hydra
 18665 | Lair:4   | Noticed Puekk's ghost (journeyman DsMo)
 18665 | Lair:4   | Identified the +1 trident of Goutet {elec, Str+2}
 19314 | Lair:5   | Noticed a four-headed hydra
 19328 | Lair:5   | Killed a four-headed hydra
 19329 | Lair:5   | Reached XP level 14. HP: 104/112 MP: 0/0
 19561 | Lair:5   | Reached skill level 13 in Spellcasting
 19828 | Lair:5   | Found a bloodstained altar of Trog.
 20097 | Lair:6   | Entered Level 6 of the Lair of Beasts
 20097 | Lair:6   | Found a viscous altar of Jiyva.
 20261 | Lair:6   | Found a gate leading to a gauntlet.
 20271 | Gauntlet | Entered a Gauntlet
 20271 | Gauntlet | Found a transporter.
 20271 | Gauntlet | Found a transporter.
 20554 | Gauntlet | Found a runed translucent door.
 20555 | Gauntlet | Found a transporter.
 20557 | Gauntlet | Found a transporter.
 20558 | Gauntlet | Found a transporter.
 20574 | Gauntlet | Found a transporter.
 20577 | Gauntlet | Found a transporter.
 20578 | Gauntlet | Identified a scroll of acquirement
 20626 | Gauntlet | Found a transporter.
 20627 | Gauntlet | Found a transporter.
 20627 | Gauntlet | Found a transporter.
 20639 | Gauntlet | Found a transporter.
 20639 | Gauntlet | Identified the Disquisition on the Snowflakes and the
                  | Compass
 20656 | Gauntlet | Found a transporter.
 20657 | Gauntlet | Noticed a dire elephant
 20658 | Gauntlet | Identified the +1 cloak "Onupulul" {Regen+ Dex+3 Stlth+}
 20666 | Gauntlet | Found a transporter.
 20668 | Gauntlet | Identified Naanapha's Compendium of Egomania
 20669 | Gauntlet | Identified the ring of Autumn {Fire Stlth+}
 20683 | Gauntlet | Found a transporter.
 20935 | Gauntlet | Acquired a manual of Fighting
 21271 | Gauntlet | Killed a dire elephant
 21284 | Gauntlet | pog
 21350 | Gauntlet | Identified the +10 ring mail "Sattabuq" {Stlth+}
 21350 | Gauntlet | Noticed a minotaur
 21351 | Gauntlet | POG
 21354 | Gauntlet | Identified the Papyrus of Execration
 21361 | Gauntlet | Killed a minotaur
 21383 | Gauntlet | POG
 21823 | Lair:6   | Reached skill level 5 in Armour
 22049 | Lair:6   | Reached skill level 14 in Spellcasting
 22268 | Lair:6   | Reached skill level 5 in Stealth
 22563 | Lair:6   | Found a staircase to the Slime Pits.
 22777 | Lair:6   | Reached XP level 15. HP: 40/121 MP: 0/0
 22777 | Lair:6   | Learned a level 6 spell: Death Channel
 24065 | Lair:6   | Gained mutation: Armour fits poorly on your strangely
                  | shaped body. [potion of mutation]
 24065 | Lair:6   | Gained mutation: You have hidden genetic defects. [potion
                  | of mutation]
 24356 | D:6      | Lost mutation: You have hidden genetic defects. [potion of
                  | mutation]
 24356 | D:6      | Lost mutation: Armour fits poorly on your strangely shaped
                  | body. [potion of mutation]
 24356 | D:6      | Gained mutation: Your mind is acute. (Int +2) [potion of
                  | mutation]
 24356 | D:6      | Gained mutation: You possess an exceptional clarity of
                  | mind. [potion of mutation]
 24356 | D:6      | Gained mutation: You have hidden genetic defects. [potion
                  | of mutation]
 24356 | D:6      | Gained mutation: You have a pair of small horns on your
                  | head. [potion of mutation]
 24543 | D:10     | Upgraded the game from 0.28-a0-751-gef3a642a4e to
                  | 0.28-a0-769-g550dbda0cd
 24780 | D:11     | Reached skill level 10 in Fighting
 24783 | D:11     | Found a frozen archway.
 24817 | IceCv    | Entered an ice cave
 25540 | IceCv    | Noticed a reaper
 25540 | IceCv    | Identified the +8 chain mail "Voehao" {rPois rC+}
 26214 | IceCv    | Killed a reaper
 26215 | IceCv    | Reached skill level 15 in Spellcasting
 26223 | IceCv    | Gained mutation: You are clumsy. (Dex -2) [hidden defects]
 26393 | IceCv    | wow
 27743 | D:12     | Identified the +2 robe of the Saviour {+Inv rF- rCorr
                  | Str+8}
 28175 | D:12     | Found Paclanat's Book Boutique.
 28296 | D:12     | Identified the ring of Sunael {rPois rC+ Str+4}
 28332 | D:12     | Lost mutation: Your mind is acute. (Int +2) [hidden
                  | defects]
 28332 | D:12     | Lost mutation: You have hidden genetic defects. [hidden
                  | defects expressed]
 28482 | D:12     | Lost mutation: You have a pair of small horns on your head.
                  | [potion of mutation]
 28482 | D:12     | Lost mutation: You possess an exceptional clarity of mind.
                  | [potion of mutation]
 28482 | D:12     | Gained mutation: Your mind is acute. (Int +2) [potion of
                  | mutation]
 28895 | D:13     | Found Kaullob's Distillery.
 29100 | D:13     | Noticed Jorgrun
 29114 | D:13     | Killed Jorgrun
 29115 | D:13     | Reached XP level 16. HP: 94/134 MP: 0/0
 29467 | D:13     | Noticed Rupert
 29507 | D:13     | Killed Rupert
 29850 | D:13     | Found Adysacet's Changing Room.
 30067 | D:14     | Reached skill level 16 in Spellcasting
 30180 | D:14     | Noticed a frost giant
 30665 | D:14     | Found a gate to the Vaults.
 31162 | D:15     | Entered Level 15 of the Dungeon
 31954 | D:15     | Noticed Louise
 32424 | D:15     | Found a staircase to the Depths.
 32700 | Orc:1    | Entered Level 1 of the Orcish Mines
 32730 | Orc:1    | Found a dark tunnel.
 32739 | Volcano  | Entered a volcano
 33847 | Orc:2    | Entered Level 2 of the Orcish Mines
 33899 | Orc:2    | Found Tuilidd's Antique Weapon Emporium.
 33959 | Orc:2    | Found Data's Magic Scroll Shoppe.
 33999 | Orc:2    | Bought a scroll of holy word for 105 gold pieces
 33999 | Orc:2    | Bought a scroll of teleportation for 42 gold pieces
 33999 | Orc:2    | Bought a scroll of blinking for 105 gold pieces
 34317 | Orc:2    | Found Qisonucs's Antique Armour Shop.
 34337 | Orc:2    | Bought a distressingly furry helmet for 285 gold pieces
 34337 | Orc:2    | Identified the +0 helmet of Submission {Harm Dex+2} (You
                  | bought it in a shop on level 2 of the Orcish Mines)
 34337 | Orc:2    | lewd
 34661 | Orc:2    | Found Gilicsekk's Distillery.
 34865 | Orc:2    | Reached skill level 17 in Spellcasting
 35039 | Orc:2    | Found a staircase to the Elven Halls.
 35242 | Orc:2    | Reached XP level 17. HP: 143/143 MP: 0/0
 35242 | Orc:2    | Learned a level 7 spell: Summon Hydra
 35242 | Orc:2    | Gained mutation: Your muscles are strong. (Str +2) [a
                  | neqoxec]
 36664 | Elf:1    | Entered Level 1 of the Elven Halls
 36727 | Orc:2    | ow
 38351 | Elf:1    | Identified the Disquisition on Supportive Confrontation
 38465 | Elf:1    | give
 38492 | Elf:1    | >:)
 38656 | Elf:1    | Reached skill level 18 in Spellcasting
 38701 | Elf:1    | Found Licum's Antique Armour Boutique.
 38707 | Elf:1    | GONG
 38707 | Elf:1    | GONG
 38707 | Elf:1    | Bought a pitted ring mail for 252 gold pieces
 38707 | Elf:1    | Identified the +1 ring mail of Dogma {Rampage Will- Dex+2
                  | Stlth+} (You bought it in a shop on level 1 of the Elven
                  | Halls)
 38707 | Elf:1    | ew
 38708 | Elf:1    | Bought a pair of embroidered gloves for 210 gold pieces
 38971 | Orc:2    | Bought a scroll of enchant weapon for 105 gold pieces
 38971 | Orc:2    | Bought a scroll of enchant weapon for 105 gold pieces
 38971 | Orc:2    | wait
 38971 | Orc:2    | where they go
 39636 | Spider:1 | Entered Level 1 of the Spider Nest
 40010 | Lair:4   | Reached skill level 1 in Polearms
 40169 | Lair:4   | Killed Puekk's ghost
 40438 | Shoals:1 | Entered Level 1 of the Shoals
 40563 | Shoals:1 | Found Banturio's Antique Armour Shoppe.
 40574 | Shoals:1 | Bought a bronze chain mail for 247 gold pieces
 40574 | Shoals:1 | Identified the +4 chain mail of the King of the Hill {Fly}
                  | (You bought it in a shop on level 1 of the Shoals)
 40632 | Shoals:1 | Found Ucufamn's Magic Scroll Shoppe.
 40930 | Shoals:1 | Found Atemox's General Store.
 40938 | Shoals:1 | Bought a potion of curing for 42 gold pieces
 40938 | Shoals:1 | Bought a scroll of teleportation for 42 gold pieces
 41088 | Shoals:1 | Found Busel's Magic Scroll Shoppe.
 41148 | Shoals:1 | Found Roah's Weapon Boutique.
 41172 | Shoals:1 | oh
 41969 | Shoals:2 | Reached XP level 18. HP: 136/149 MP: 0/0
 43045 | Shoals:2 | Noticed a kraken
 43055 | Shoals:2 | Killed a kraken
 43496 | Shoals:2 | Identified the Reference Book on the Traveller
 44044 | Shoals:3 | Noticed Ilsuiw
 44297 | Shoals:3 | Reached skill level 19 in Spellcasting
 44399 | Shoals:3 | Killed Ilsuiw
 44945 | Shoals:3 | Identified the +4 hand crossbow of Qeczoun {penet, rC- rN++
                  | Dex+5}
 45409 | Shoals:4 | Entered Level 4 of the Shoals
 45420 | Shoals:4 | Noticed Polyphemus
 45421 | Shoals:4 | sup
 46535 | Shoals:4 | Identified the ring of Zyirchute {rC- rN++ Will+ rCorr}
 46860 | Shoals:4 | Killed Polyphemus
 47419 | Shoals:4 | Identified the +3 long sword of the Ecumenical Temple
                  | {spect, Will+ Dex+3}
 47685 | Shoals:4 | Reached XP level 19. HP: 144/157 MP: 0/0
 47685 | Shoals:4 | Learned a level 6 spell: Simulacrum
 48286 | Shoals:4 | Got a barnacled rune of Zot
 48447 | Shoals:1 | Bought a shiny buckler for 195 gold pieces
 49396 | Spider:1 | Reached skill level 1 in Shields
 49595 | Spider:1 | Reached skill level 20 in Spellcasting
 51412 | Spider:3 | Noticed Bai Suzhen
 51769 | Spider:3 | Killed Bai Suzhen
 51902 | Spider:3 | Reached skill level 5 in Polearms
 51940 | Spider:3 | Noticed Mara
 51944 | Spider:3 | Noticed lawman0's illusion
 52103 | Spider:3 | Noticed Donald
 52104 | Spider:3 | oh fuck
 52466 | Spider:3 | Killed Mara
 52714 | Spider:3 | Noticed Nikola
 52721 | Spider:3 | Killed Nikola
 53050 | Spider:3 | Killed Donald
 53642 | Spider:4 | Entered Level 4 of the Spider Nest
 53809 | Spider:4 | Noticed Mlioglotl
 53820 | Spider:4 | Killed Mlioglotl
 53832 | Spider:4 | Reached XP level 20. HP: 88/164 MP: 0/0
 54217 | Spider:4 | Identified Roxanne's Volume of the Rocks
 54217 | Spider:4 | Noticed Roxanne
 54243 | Spider:4 | Killed Roxanne
 54953 | Shoals:1 | Bought a slimy ring mail for 234 gold pieces
 54953 | Shoals:1 | Identified the +2 ring mail of the Volcano {Str+6} (You
                  | bought it in a shop on level 1 of the Shoals)
 54953 | Shoals:1 | Bought a pitted scale mail for 234 gold pieces
 54953 | Shoals:1 | Identified the +0 scale mail of Eternal Vigilance {Str+3
                  | Dex+4 Slay+3} (You bought it in a shop on level 1 of the
                  | Shoals)
 54954 | Shoals:1 | man
 54954 | Shoals:1 | would almost
 55511 | Spider:4 | Reached skill level 21 in Spellcasting
 55598 | Spider:4 | Got a gossamer rune of Zot
 56654 | Elf:1    | Reached skill level 5 in Shields
 57477 | Elf:3    | Entered Level 3 of the Elven Halls
 57481 | Elf:3    | Found a large runed translucent door.
 57482 | Elf:3    | Found a large runed translucent door.
 57484 | Elf:3    | Noticed jasper's ghost (adept DsAr)
 57917 | Vaults:1 | Entered Level 1 of the Vaults
 58126 | Vaults:1 | Noticed Aizul
 59316 | Vaults:1 | Killed Aizul
 59444 | Vaults:1 | Found Goqeapt's Armour Emporium.
 59804 | Vaults:1 | Reached XP level 21. HP: 142/170 MP: 0/0
 59804 | Vaults:1 | Learned a level 8 spell: Infestation
 59804 | Vaults:1 | oh
 59804 | Vaults:1 | OH
 59804 | Vaults:1 | HAHA YES
 59804 | Vaults:1 | FULL SICKO MODE
 60127 | Vaults:2 | mein gott
 60443 | Vaults:2 | Found Jarch's General Store.
 62148 | Vaults:2 | Reached skill level 22 in Spellcasting
 63296 | Vaults:3 | Reached XP level 22. HP: 73/178 MP: 0/0
 63296 | Vaults:3 | Noticed Margery
 63297 | Vaults:3 | uw
 63364 | Vaults:2 | ow
 64381 | Elf:2    | Acquired 454 gold pieces
 65124 | Elf:2    | Found a huge runed translucent gate.
 65124 | Elf:2    | Found a huge runed translucent gate.
 65124 | Elf:2    | Found a huge runed translucent gate.
 65124 | Elf:2    | Found a huge runed translucent gate.
 65124 | Elf:2    | Found a huge runed translucent gate.
 65807 | Elf:3    | Cast into level 2 of the Abyss (a deep elf sorcerer)
 65808 | Abyss:2  | goddamn it
 66132 | Abyss:2  | Noticed a bone dragon
 66255 | Abyss:5  | Entered Level 5 of the Abyss
 66260 | Elf:3    | Escaped the Abyss
 66579 | Orc:2    | Bought a scroll of enchant armour for 105 gold pieces
 67096 | Elf:2    | Reached skill level 10 in Shields
 67329 | Elf:2    | Reached skill level 15 in Fighting
 68264 | Elf:3    | Identified the +2 trident of Context {protect, +Blink rN+++
                  | Str-4 Int+3}
 69293 | Elf:3    | Reached XP level 23. HP: 176/188 MP: 0/0
 69293 | Elf:3    | Learned a level 7 spell: Storm Form
 69295 | Elf:3    | Identified the cursed +9 demon trident "Behold Eternity"
                  | {elec, Evo, Cun} (You took it off Donald on level 3 of the
                  | Spider Nest)
 69295 | Elf:3    | Identified the cursed scarf of Desmomancy {repulsion, Self,
                  | Evo} (You found it on level 1 of the Dungeon)
 69295 | Elf:3    | Identified the cursed +2 hat of Ashenzari's Urgency {Cun,
                  | Evo} (You found it on level 15 of the Dungeon)
 69295 | Elf:3    | Identified the cursed +2 pair of gloves of the Cursed Seer
                  | {Evo, Fort} (You bought it in a shop on level 1 of the
                  | Elven Halls)
 69295 | Elf:3    | Identified the cursed +5 kite shield of Ashenzari's
                  | Submission {rC+ rF+, Melee, Cun} (You found it in a
                  | Gauntlet)
 69537 | Elf:3    | Killed jasper's ghost
 69590 | Elf:3    | pop
 69590 | Elf:3    | poop
 69916 | Vaults:3 | Noticed Asterion
 69931 | Vaults:3 | Killed Asterion
 69932 | Vaults:3 | Reached skill level 1 in Throwing
 69933 | Vaults:3 | ligma balls
 70221 | Vaults:3 | Found a basalt altar of Yredelemnul.
 70231 | Vaults:3 | Found a staircase to the Crypt.
 70361 | Vaults:3 | Killed Margery
 70768 | Vaults:3 | Noticed Boris
 70803 | Vaults:3 | Killed Boris
 70808 | Vaults:3 | lol
 71559 | Vaults:3 | Reached skill level 10 in Dodging
 72996 | Vaults:4 | Found a runed translucent gate.
 72997 | Vaults:4 | Found a runed translucent gate.
 72998 | Vaults:4 | Found a runed translucent gate.
 73058 | Vaults:4 | Reached XP level 24. HP: 178/197 MP: 0/0
 73620 | Vaults:4 | Noticed shoop's ghost (veteran BaWr)
 73672 | Crypt:1  | Entered Level 1 of the Crypt
 74645 | Crypt:1  | Noticed Saint Roka
 74732 | Crypt:1  | Noticed Frederick
 74749 | Crypt:1  | Killed Frederick
 75397 | Crypt:1  | nope
 75431 | Crypt:2  | Found a basalt altar of Yredelemnul.
 75605 | Crypt:3  | Entered Level 3 of the Crypt
 75655 | Crypt:2  | FUCK
 76499 | Crypt:2  | Noticed Xtahua
 76580 | Crypt:2  | Noticed Sojobo
 77043 | Crypt:2  | Reached skill level 10 in Armour
 77324 | Crypt:2  | ow
 78071 | Crypt:3  | Identified the amulet of the Cicada {Harm Regen+ Str+2}
 78072 | Crypt:3  | Found a basalt altar of Yredelemnul.
 78078 | Crypt:3  | Identified the amulet of Zotamuat {Will+ Regen+ Str+2
                  | Int-5}
 78381 | Crypt:3  | Found a staircase to the Tomb.
 78915 | Crypt:3  | Found a basalt altar of Yredelemnul.
 78950 | Crypt:3  | Reached skill level 5 in Throwing
 79431 | Crypt:3  | Identified the Reference Book on Conjuration
 79702 | Crypt:3  | Reached XP level 25. HP: 198/204 MP: 0/0
 79702 | Crypt:3  | Learned a level 8 spell: Lehudib's Crystal Spear
 79782 | Crypt:3  | I'm gonna skullfuck the dungeon
 79868 | Crypt:3  | that's rigght
 79868 | Crypt:3  | FUCK YOU
 80527 | Crypt:2  | Killed Sojobo
 80528 | Crypt:2  | Reached skill level 10 in Stealth
 80707 | Crypt:2  | Paralysed by Xtahua for 4 turns
 80713 | Crypt:2  | Paralysed by Xtahua for 2 turns
 80715 | Crypt:2  | Killed Xtahua
 82256 | D:15     | Killed Louise
 82348 | D:15     | Reached skill level 15 in Shields
 82384 | Depths:1 | Entered Level 1 of the Depths
 82797 | Depths:1 | Found Iricai's Antique Armour Shoppe.
 82797 | Depths:1 | Found Anaiz's General Store.
 82805 | Depths:1 | Bought a scroll of teleportation for 69 gold pieces
 83066 | Depths:1 | Found Fuluenamm's Pet Rocks.
 83264 | Depths:1 | Found a faded altar of an unknown god.
 83265 | Depths:1 | Found a faded altar of an unknown god.
 83265 | Depths:1 | Found a hazy altar of Hepliaklqana.
 83334 | Depths:1 | Found a gateway to Hell.
 83481 | Depths:2 | Found a one-way gate leading to the halls of Pandemonium.
 83485 | Depths:2 | Found Tofu Tit's Book Shop.
 83503 | Depths:2 | Noticed a juggernaut
 84296 | Depths:2 | Identified the +1 short sword "Ruorch" {freeze, Fly rPois
                  | Str-5 Stlth+}
 84296 | Depths:2 | Noticed a caustic shrike
 84296 | Depths:2 | Noticed a caustic shrike
 84296 | Depths:2 | Noticed a caustic shrike
 84296 | Depths:2 | Noticed a caustic shrike
 84296 | Depths:2 | Identified the +6 hand axe "Kigrec" {elec, rN+ SInv}
 84296 | Depths:2 | Identified the ring "Ejelot" {rF+ rCorr Slay+5}
 84297 | Depths:2 | well fuck
 84328 | Depths:1 | Upgraded the game from 0.28-a0-769-g550dbda0cd to
                  | 0.28-a0-773-g130ae17fe5
 84580 | Depths:2 | Killed a caustic shrike
 84582 | Depths:2 | Killed a caustic shrike
 84586 | Depths:2 | Killed a caustic shrike
 84594 | Depths:2 | Paralysed by a floating eye for 4 turns
 84595 | Depths:2 | HP: 6/206 [caustic shrike (11)]
 84595 | Depths:2 | Splashed by a caustic shrike's acid

Illustrated notes ####### ########## ......# ........@.# ......##..........# ......##..........# ......##..........# ......##..........# ......##..........# ......##..........# ......##..........# ## ......##.....)....# .# Turn 406 on D:1: well then * * #.# * #.# #####.#.# #.....#.#### #.#####..... * #......##### #######.......##.. #............##... #@#####......##_.⌠ * #.# #......##... , #.# #.########.. ,,* #.# #.# #8. , #.# #.# ##.. , ..# #.# * #... , * * ### *.z, {{#_.⌠ * #... ##.. Turn 10120 on D:8: goddamn #.P###.######.P....P.. , ,,,,, ........#...............>,, .........#P............. , , , .....[.................., ,, , .[.†.................... , ........................ , , ..................(..... , #..<.P...........(......, ,,, , .....##.#.#####.@........ , *** ...############......(... ** * ..## ####.....(... ** * ..# ###..[..(..## /.# ##P........# , ###........## ###..†....#.# ,** ####.......## * ###....†)§..# Turn 17951 on Lair:4: uwu ###..#©##.##.#©.#..#### ##≈..###.#..b#..#..≈### ###..##..##bh#..#..##≈# ** #####≈..#bb..##h#..#...... * ,, ,...###..#########..#...... * ,*##..##..........#..####### , , .....#..#########..#...... ,, .#...#..#..8#8..#..#.#.#.# * *,* #.©.#8.#@..8...#..#..#.#. , 8*,,,#...#..#).8.8.8#..#.#.#.# ,,, * #.©.#∩.#©8.©.8##©©#©.#.©. 8 *, #...#..#..8.8.8#..#.#.#.# * * *, ,#.©.#8.#...8...#..#..#.#. ,,,#.#...#..#..8#8..#..#.#.#.# *8 , ,......#..#########..#...... ** * ,###..##..........#..####### , ,,....###..#########..#...... Turn 21284 on Gauntlet: pog ** #####≈..#bb..## * ,......###..####### * #.###..##......... , ........#..####### .....#.#...#..#..8#8. * #######.#.#.©.#8.#...8.. }8}8.8#...#...#..#).8.8. *∩...H..'.###.©.#∩.#©8.©.8 *8∆8∆8.8#@..#...#..#..8.8. * **#####.#.#.©.#8.#...8.. #.....#.#...#..#..8#8. #8..........#..####### ##.##.###..##......... #........###..####### ###########≈..#zzzzz# ###########..#z###.# ###≈..#zzz### Turn 21351 on Gauntlet: POG ########≈.. * ,......###.. ########.##.###..##.. #######8..........#.. #######.....#.#...#.. ###########.#.#.©.#8. ###8÷8÷8.8#...#...#.. ###∩......'.###.©.#∩. ###8@8:8)8#...#...#.. ###########.#.#.©.#8. #######.....#.#...#.. #######8..........#.. ########.##.###..##.. #........###.. ###########≈.. ###########.. ###≈.. Turn 21383 on Gauntlet: POG *, #...###.)≈≈######?### *[$#Z...#.###≈#≈###.#.## *#2.....#.###≈≈≈##.#!### * #..#.###≈≈..###### **##.##.#≈≈##..### *,* #####.##≈###...## *,, ##..#.######..⌠.## *,, #.....(####.....### #.##.@.####..#...### * * ,,*#...###..###..### ,**##.####.#####..## * ,, ######..######.## * ###..## ###.## ,,* {, ##..### ##.### **,*... ##.#### ##÷### * #..#*##..## ##..## #...###.8## ###.## Turn 26393 on IceCv: wow ## #≈≈≈≈≈≈#≈≈##########+##.#...## #≈≈≈≈≈≈≈≈######## #....#...## ##≈≈#≈≈####### ########### ##≈≈≈#### ###############..§. ##≈≈######...#######..)....8 ###≈#####.....####.......... ###≈####.......##...8..##... #######......).......###.... #....@)).)...###.....8 #......≈)..###........ ##.......####......... ##.....####........#. ##...####.. , * ##### * , ,** * { , , * * {,, , {, * *{ ,, { * , Turn 34337 on Orc:2: lewd ..######## ########### ########.#### ######....#### ###..).....#### #...))....########## #......#...######### .....####...####.### ....#######..##[@.## ......#######[.#.### .###...############# #####...#.########## ######...######### ########## ######## ..#..#.# ......## ### Turn 36727 on Orc:2: ow ..####........+ , , ,,,,, , #....'........##e. ,, * ,,,, #.####).......##.#** , * * #.####.......###.# ,** * * #.####......## #.# * * #+#####....#####.### * * * ........##+# ###.###* ,,, * * ######..##.# ###.###∆ ,,,, ,***,* ....##..##.# ###@###......... *, .....#..##.#####.###.........* .....#.)+..........+......... * * .....#..##.........#......... ,,, .....#..###.######.#.........* [.))##...#..######.#......... ,, #''#####....######.#........# ,* .....#####..######'##......# , ......)####..####.....(..#+# * , Turn 38465 on Elf:1: give #.####).......##.#** , * * #.####.......###.# ,** * * #.####......## #.# * * #+#####....#####.### * * * ........##+# ###.###* ,,, * * ######..##.# ###.###$ ,,,, ,***,* ....##..##.# ###.###......... *, .....#..##.#####.###.........* .....#.)+......§@..+......... * * .....#..##.......§.#......... ,,, .....#..###.######.#.........* [.))##...#..######.#......... ,, #''#####....######.#........# ,* .....#####..######'##......# , ......)####..####.....(..#+# * , ........####..###........# #..#..#..####.###........# Turn 38492 on Elf:1: >:) #### ####### #################### .....################ .......####.........# .###............@##.* .#####.####.#######:* .#####.####.#######. +#####.####.#######. ..####.####.### *,* ...###.####.### ....##.####.### * ....##.####.### ** {* ....##.#...#....$.., Turn 38707 on Elf:1: GONG ###.....#.....#..... #######.#.[...#..).< ###∩..#.'.)⌠..#....) ###...'.#.....#..... ###...#.#..)..#..... #######.###[###..... ###...#.#........... ###.[.'.#...[....... ###@..#.##.........# #######+##.......### #####...##.......##. #####...#.........#. ###...#........... ###...#.#......).# ###...###......).. ###'### ###....)). ##...## ###♣...... Turn 38971 on Orc:2: wait ≈≈ ≈ ≈≈≈≈≈.............##. ≈ ≈ ≈≈≈≈≈≈.............##. ≈≈ ≈≈ ≈≈≈≈≈≈≈..$..........### ≈≈≈ ≈ ≈ ≈≈≈≈≈≈.............### ≈ ≈≈ ≈≈ ≈ ≈≈≈≈≈≈.............### ≈≈≈≈≈≈ ≈ ≈≈≈≈.##.......###### ≈ ≈ ≈≈≈≈≈≈##≈.##...........## ≈ ≈ ≈≈≈≈≈##≈≈≈).......)≈≈≈≈≈ ≈≈≈≈≈≈≈@≈≈†≈≈≈≈≈...≈≈≈≈≈ ≈ ≈ ≈≈≈≈≈≈≈≈##≈≈≈≈≈≈≈≈≈≈≈≈≈≈ ≈ ≈ ≈≈≈.##≈≈##≈≈≈≈≈≈≈≈≈≈≈≈≈≈ ≈≈ ≈ ≈≈.,##.≈≈≈≈≈≈≈≈≈≈≈≈≈≈≈≈≈ ≈≈≈ ≈≈, ..≈≈≈≈≈≈≈≈≈≈≈≈≈≈≈≈≈ ≈ ≈ ,, ..>≈≈≈≈≈≈≈≈≈≈≈≈≈≈≈≈≈ ≈ ≈≈ ≈ , $....≈≈≈≈≈≈≈≈≈≈ ≈≈≈≈≈ ,,......≈≈≈≈≈≈≈≈≈≈ ≈≈≈≈ ≈≈≈≈ , , ≈ ≈≈≈ ≈ ≈≈≈≈≈ Turn 41172 on Shoals:1: oh ≈≈ * *, ,,, , ,* , *≈, * * , ,, ** .....≈...≈.#≈, ≈ , , , ,**...≈..#..Y# ≈≈** ≈ ≈ ,.###.≈≈......#≈ ≈≈ ,≈ , ......≈≈≈≈Y..#≈*, , ≈ ≈, ...≈≈≈≈≈≈..YC## *≈≈,,≈ ≈ ≈ ....≈≈≈≈≈.....# ≈≈ * ,#..≈≈≈.......≈≈ * * * , #.≈≈..≈@...=≈≈Y≈ ≈ , ,,....≈≈≈...≈.≈≈≈≈≈ ≈, ≈ ≈ ,,...≈≈≈..#....≈≈≈≈ ≈≈≈ ≈ , ##.≈...##..≈≈≈≈≈ ≈ * * #..... .≈≈≈≈≈≈ ≈ ≈≈ ##..≈.,,,.≈≈≈≈ , ≈ , ##.≈≈, .≈≈.,≈ ≈ ≈ ,, #.≈≈,,,,.... ≈ ≈ * ,* , ,,, ,, ≈ , Turn 45421 on Shoals:4: sup * *######* ## *,,....^ * #..##*,...., ** #..#.##..., ,,, * * ##.....^..#* ,,* * #.........# * *, , ,#.......#,, * ,,, * #....@..#, ** , * ##.......@...,,, ,,^ #.##.......s ,, ###......###** ## .....## ,,, , , #.##..###, ,,,, ,, * ..##...# * *...#...#...# ,, *, #^###.....#^..#, ,,* Turn 52104 on Spider:3: oh fuck

≈≈≈≈≈≈≈≈≈≈≈≈≈≈≈≈.............≈≈≈≈
≈≈≈≈≈≈≈≈≈≈≈≈≈≈≈≈≈≈≈≈≈≈≈≈≈..≈≈≈≈≈≈
≈≈≈≈≈≈≈≈≈≈≈≈≈≈≈≈≈≈≈≈≈≈≈≈....≈≈≈≈≈
≈≈≈≈≈≈≈≈≈≈≈≈≈≈≈≈≈≈≈≈≈≈≈≈≈≈..≈≈≈.≈
≈≈≈≈≈≈≈≈≈≈≈≈≈≈≈≈≈≈≈≈≈≈≈≈≈≈..≈≈≈≈≈
≈≈≈≈≈≈≈≈≈≈≈≈≈≈≈≈≈≈≈≈≈≈≈......≈...
≈≈≈≈≈≈≈≈≈≈≈≈≈≈≈≈#≈≈≈≈≈...........
≈≈≈≈≈≈≈≈≈≈≈≈≈≈≈≈≈≈≈≈≈.....#......
≈≈≈≈≈≈≈≈≈≈≈≈≈≈#.@≈#.......###.≈≈≈
≈≈≈≈≈≈≈≈≈≈≈≈..............##...≈≈
≈≈≈≈≈≈≈≈≈≈≈.....#............≈≈..
≈≈≈≈≈≈≈≈≈≈.........[........≈≈≈≈≈
≈≈≈≈≈≈≈≈......................≈≈≈
≈≈≈≈≈≈≈≈......?.≈≈≈.......#.....≈
≈≈≈≈≈≈≈≈........≈≈≈≈......##....≈
≈≈≈≈≈≈≈........≈≈≈≈≈≈≈..≈...≈≈≈≈≈
≈≈≈≈≈≈≈........≈≈≈≈≈≈.≈≈≈≈≈≈≈≈≈≈≈


Turn 54954 on Shoals:1: man .......).........................
......))...........############## .......#########...#..........+..
.......#.......#...#...... , .......#.......#...#...... , *
.......#.......+...#...... , ,*, ...)...#.......#...#D....., , #..
.......#.......#...'......,, +.. .......#.......#@D.#..,, ,,,, #..
.......####'####)..#.., ,, ,,#.. .......#.##.#......#...,,, ,, #..
.......##..##......#...., .#.. .......##..##......############..
.......#.##.#.................### .......####'#....................
.........(....................... ................[................ Turn 59804
on Vaults:1: oh #.....# * ,, #.....# , * , , * ** #.....#########(.# *,,,
#................# , , ,#................#,,, * ,, ,#................# ,, * ,,
#................#, , , ∆#................###+ ,,,, #...@......(......... * , ,,
+.................... ,, #..ZZ................ * * +####B##########'##### *
{{.#BB#....####..Z.#.. ,,,,, *{{ .+ZZu... ###....#.. *, * { ,#ZZ# ,, ##..Z.#.. *
**,+ ,*#'u#*,, ##...##.. *, , *+ *.... * ##...#... Turn 60127 on Vaults:2: mein
gott *#....##....#.., ,, , * *,...#####.@u.#.., , , , * .... ,.##..p.#.. , ,
...., ,..#....##+* *' ** *, ..{. ..#.H..#.. , , , , ,,,,, ..#....#..* ,, ,, ,
,*,, ,..#.)D.#. , ,, ,,, ..#.T..#.{ ,{ ,* , ,***** ##.@..#., , , ,,*, *,{,
###....#. ,, , * ,, ** ###....#. * , ,,, , , ,, ,, ###....#. ,, , * ***
###....#+** + * *+ ##########....#., ,, , ,* ############.)..#.,, , , , *
############....#.,, ,, #.......)..'....#. , ,, Turn 63297 on Vaults:3: uw
################ ########...........# #......#...........# #......'..>........#
#......#......(....# #......#...........# #......#...........#
#......#...........# #...@..#...........# #......'...........#
#......#..........)# #......############# #......##############
#......#####......... ##......#####......... ######'#######.........
#............#.......)) Turn 63364 on Vaults:2: ow *, , ,,,, , ,,*,,,,* * * , ,
,*.$.., ,* , ** ,,, . ,, ,,...∆ ,* ,, , ,..,, ..# ,,,,,, ,, * ,...*####..# , , ,
* ..........# ,, ** , , , ,,.........# . , , , ...#.'#####...., ** ,* *
.......@.......,, , * *, , ..............., , * * ,* ,............... *** * *,,,
...#.#.###?$.#., , ,....... +....#,* * ,,......., .... **, , ,#.#,..# , ...,,* *
,* ..,... ,, ,..# ,,* , ,* , , , ,, , , ,* ,*,, * Turn 65808 on Abyss:2: goddamn
it ................................. ................)................
###'#########..##'############### ............#..#.................
............#..#................. #######'##.###############+######
.........#.####.#≈###...........# .........#.##≈.(."#≈#...........#
.........#.#.#..@≈.##.....<.)...# .........#.#..8.#.≈##...........#
##########.##§....≈≈#...........# ...........####''################
............#.............<...... ............#....................
##########..#...........)........ .........#..#..#..#######'#######
.........#..#..#..#......)......# Turn 69590 on Elf:3: pop ,, ,,+ , ,,, ,,,, , ,
, ** ,,,, ,, , , ,,, ∆ , ,, ,,, * , .######+#, ,, ,, , .#......# ,,, , ,,, ,,
.#......# , , ,, *,,,,.#......# , , *,, ,.#.DB...# ∆ , ,,, , ,.#.D@...#,,,,, ,,
,, .#..<.(.+ * * *** , ,.#......# ,,, , , * .#......+,*,,, * , , ,.#......# *, ,
, * ,, .###'#### * * *,*, , *,, , , ... , *,* * , ,,,...,, , ,, *,*,* * ,
...,,,,*,*, ,# # Turn 69933 on Vaults:3: ligma balls #.#.....###'####..# ,,,,,
#.#.......).......# * ,,,> #.#......)........# *,, , #B#...............### ,
[B#......)........### , ,,,, 8.#...............######* * * *
..#..................... ,,,,,, , ###....................., ,,,
................@......., , ..............).[....... , ,
........................,,,,,,, .... ................... , ,
##############....######* ** .....# ######....### .....#########....###
.....#.......#....### .....#.......'....### Turn 70808 on Vaults:3: lol
....#....####'#####....#....(...# ....#....#........#....#........#
....#.!..#........#....#........# ....#....#........#....#........#
....#....#........#....#........# #####....##########....#........#
.......................#'######## ................V......|...!.....
................@................ .................................
................................. .................................
.........................#######. .......:....##'###.......#.....#.
######......#....#.......#.....'. .....#......#....#.......#.....#.
.....#......#....#.......#.....#. Turn 75397 on Crypt:1: nope
....###...###.######...## ...##.......###....+...## ..##.........##....#...##
.##...........##...#...## ##...##...##...##..#...## #...###.⌠.###...#..+...##
#..####...####..####...## ...###.....###...#.....## <.⌠###..>..###⌠.@#.....##
...###.....###...#.....### #..####...####..##.....####
#...###.⌠.###...#......#### ##...##...##...##......####
.##...........##.......#### ####.........#########.####
...##.......###......#.#### ....###...###.#.####.#.#### Turn 75655 on Crypt:2:
FUCK .#..........###...###.######...## .##........##.......###....+...##
+###.[....##.........##....#...## ..⌠#.....##...........##...#...##
...#....##...##...##...##..#...## _..#....#...###.⌠.###...#..+...##
...#...##..####...####..####...## ..⌠#...#...###.....###...#.....##
####...#<.⌠###..@..###⌠.>#.....## ...|...#...###.....###...#.....##
.......##..####...####..##.....## ........#...###.⌠.###...#......##
........##...##...##...##......## #'#......##...........##.......##
..+....#####.........#########.## ..#....#...##.......###......#.##
..'....#....###...###.#.####.#.## Turn 77324 on Crypt:2: ow
###.........#########.....####### ..#.........#########.....#######
..'.........'.......'.....####### ..#.........####.####.....#..)###
###.........####.####.....'...### ####'#'#'#+#####.##########..####
####.#.#.#.#####.##########)##### #:.#############.################
#..#############@################ ##'#############+#### , .#.#.#.#.#.#.##8.8###
###..... '#'#'#'#'#'#'##...#### ##....... .....{............#######...≈≈≈≈≈
..................8.####...≈≈≈≈≈≈ .#.#.#.#.#.#.......⌠###....≈≈≈#.#
....................###....≈≈#$$$ ...................###.....≈≈.$/$ Turn 79782
on Crypt:3: I'm gonna skullfuck the dungeon ....# ###:.#############.########
.... ####..#############.######## .## *#####'#############'#### .##
#.#.#.#.#.#.#.#.##8.8### ######'#'#'#'#'#'#'#'##...#### #
...#......................####### ...#......................8.####.
.#.#⌠..#.#.#.#.#.#.#.......⌠###.. .#.##...........@...........###..
.#.###.....................###... .#.........................#⌠#...
.#....................._...'.'... .#.........................#⌠#...
.#.###.....................###... .#.##.......................###..
.#.#⌠..#.#.#.#.#.#.#.......⌠###.. ...#......................8.####. Turn 79868
on Crypt:3: that's rigght ...)####.... * ...#[##+#..#***** , **+ ...##..##.#+*∆∆
+* {{**, ...##..####* {{, {{** * ...#'###### #D.###### +* <...#########++######
*,,, * ........####....####., ,,, .......####......#### ,,, , *
####...###......@.###,, ***,, '##'#..# ..;......$## ,*+** *,* #).##..#
=...)....)##, * * ,* #?.##..# b...}).b.:##,,** , , +##+#..# $.....bC.$##, ** ,
####...###C..iii..## ,, * ,* .......####....b.##** , ,, * * ..)....∩####..Ci##
,∆ , , *, ...)#########+'#* * ,,,* *, Turn 84297 on Depths:2: well fuck

Levels and vault maps discovered:
D:1:      scummos_arrival_hexagon, layout_basic, serial_shops, shop,
          chequers_decorated_corner
D:2:      layout_loops_corners, ebering_ecumenical_altar_webs,
          amethyst_killhole, uniq_crazy_yiuf_cottage, uniq_robin
D:3:      layout_loops_ring, ebering_ghost_rock_garden, uniq_natasha
D:4:      layout_loops_cross, hangedman_abyss_or_decor_stabs
D:5:      layout_layer_cave, grunt_ashenzari_visionary
          [grunt_ashenzari_visionary_shoals, grunt_ashenzari_visionary_spider],
          okawaru_gym_becter, uniq_edmund, uniq_menkaure, uniq_pikel,
          uniq_grinder
D:6:      layout_gridville, grunt_dithmenos_shadows, temple_fountains,
          portal_sewer_entry_e, wad_floor_pattern_1
D:7:      layout_basic, good_gods_temple_1, minmay_circle_x
D:8:      layout_loops_ring, slow_altar_1, gammafunk_temple_overflow_pools,
          kennysheep_small_square, uniq_psyche
D:9:      layout_grid_maze, serial_shops, nicolae_shop_window_shopping
D:10:     kennysheep_windowed_halls, layout_basic, lair_entry_dummy, david_orc_2
D:11:     layout_layer_cave, portal_ice_cave_entry_animals_and_master,
          minmay_misc_feat_enclosed, vehumet_altar_wand_db
D:12:     layout_loops_ring, serial_shops, shop
D:13:     layout_basic, serial_shops, kennysheep_little_box,
          nicolae_transmutations_shop, uniq_rupert, uniq_jorgrun
D:14:     layout_gridville, erik_vaults_1, serial_bayou_pond_b,
          kennysheep_just_a_vault
D:15:     gammafunk_enter_depths_forms, layout_rooms, minmay_misc_feat_encased,
          uniq_louise
Lair:1:   layout_regular_city, worms_lemuel, serial_bayou_shore_a
Lair:2:   layout_cave_pods, grunt_megastairs_1
Lair:3:   regret_index_wax_grids, layout_regular_city,
          nicolae_quartered_pool_medium, lemuel_fruit_tree
Lair:4:   layout_hall_layers, minmay_shoals_entry_centaurs,
          spider_nest_entry_webs, ebering_ghost_funeral_grove
Lair:5:   layout_loops_ring, basic_altar, lemuel_fruit_fields
Lair:6:   hangedman_lair_caniforms_friends, layout_long_grid,
          dpeg_slime_entry_enclosed_altar, gauntlet_entry_generic
Shoals:1: layout_shoals, serial_shops, shop, shop_fountains, shop,
          nicolae_shop_stone, nicolae_square_shop
Shoals:2: layout_shoals
Shoals:3: layout_shoals, uniq_ilsuiw
Shoals:4: shoals_end_hangedman, layout_shoals, uniq_polyphemus
Spider:1: layout_spider_delve
Spider:2: layout_spider_delve, hangedman_spider_tarantella_strand
Spider:3: layout_spider_delve, uniq_bai_suzhen, uniq_donald, uniq_nikola,
          uniq_mara
Spider:4: grunt_spider_rune_circles, nicolae_spider_rock_and_or_roll,
          uniq_roxanne, uniq_mlioglotl
Orc:1:    layout_caves, nicolae_volcano_entry_two_sided
Orc:2:    pubby_orc_utopia
Elf:1:    nicolae_elf_arrival_no_cutting_in_line, layout_gridlike, serial_shops,
          shop, basic_altar, minmay_elf_sorcery, hangedman_elven_ridges,
          grunt_megastairs_3
Elf:2:    elven_hall_of_blades_hangedman_alternative
          [infiniplex_blade_entry_pillars], layout_geoelf_grid,
          grunt_megastairs_4
Elf:3:    minmay_elf_hall_dome, layout_onion_city, ebering_ghost_disaster_area
Vaults:1: v_misc_17, vaults_dpeg_ring, ontoclasm_vaults_decontamination,
          vaults_room_grid, grunt_vaults_hallway_long, v_alt_pattern_1,
          st_spiral_rooms, nicolae_vaults_three_branches,
          nicolae_vaults_little_squares_5, v_misc_13, layout_vaults_omnicross,
          serial_shops, shop, uniq_aizul
Vaults:2: vaults_room_octagon, vaults_room_pools,
          vaults_standard_mumra_enter_the_diamond, st_lattice, v_misc_1,
          v_rooms_6, ontoclasm_vaults_gateway, hangedman_vaults_stagger,
          vaults_room_fours, vaults_room_fancy_cross, v_misc_29,
          vaults_room_pool, layout_vaults_big_room, serial_shops, shop
Vaults:3: ontoclasm_vaults_claustrophobia, v_rooms_6,
          minmay_crypt_entry_necro_gods, v_misc_10, v_alt_pattern_3,
          hangedman_vaults_river_flow, v_pattern_3,
          nicolae_vaults_specimen_jars, layout_vaults_quadrants, uniq_asterion,
          uniq_margery, uniq_boris
Vaults:4: gammafunk_ghost_necromancy, vaults_mumra_hexcomb,
          nicolae_vaults_little_squares_2, v_pattern_4, v_misc_3,
          nicolae_vaults_windows_and_doors_thing, nicolae_vaults_big_ls,
          v_misc_8, nicolae_vaults_little_squares_2, v_alt_pattern_6,
          layout_vaults_omnibox
Crypt:1:  layout_regular_city, grunt_crypt_arrival_webbed, uniq_frederick,
          uniq_saint_roka
Crypt:2:  layout_regular_city, grunt_ministairs_8, lemuel_upstairs_altar,
          grunt_megastairs_5, uniq_sojobo, uniq_xtahua
Crypt:3:  church_of_pain_bobbens, layout_chaotic_city,
          hangedman_crypt_dual_shrines
Depths:1: layout_cave_shapes, nicolae_hepliaklqana_ecumenical_no_more,
          pf_coc_iceberg, minmay_misc_feat_ornament, guppyfry_shop_earth,
          minmay_shoptagon
Depths:2: grunt_arcs, layout_cave_pools, pf_hell_entry_great_geh, pan_entry,
          serial_shops, kennysheep_mini

Skill      XL: |  1  2  3  4  5  6  7  8  9 10 11 12 13 14 15 16 17 18 19 20 21 22 23 24 25 |
---------------+----------------------------------------------------------------------------+-----
Staves         | 1 2 3 5 6 7 9 10 11 | 11.7
Armour         | 1 2 3 4 5 6 7 8 9 10 11 | 11.2
Fighting       | 1 2 3 4 5 6 8 10 12 13 14 15 16 17 | 17.0
Stealth        | 2 3 4 5 6 7 8 9 10 | 10.6
Spellcasting   | 4 5 6 7 9 11 12 14 15 17 18 19 20 21 22 | 22.0
Dodging        | 3 4 5 6 7 8 9 10 11 12 | 12.7
Evocations     | 1 2 3 4 |  4.4
Polearms       | 2 3 5 7 9 |  9.8
Shields        | 3 6 8 11 12 14 16 | 16.0
Throwing       | 3 5 6 |  6.6

Action                   |  1- 3 |  4- 6 |  7- 9 | 10-12 | 13-15 | 16-18 | 19-21 | 22-24 | 25-27 || total
-------------------------+-------+-------+-------+-------+-------+-------+-------+-------+-------++-------
Melee: Staff             |    30 |       |       |       |       |       |       |       |       ||    30
       Lajatang          |    36 |    87 |    59 |   194 |   403 |   251 |       |       |       ||  1030
       Headbutt          |       |       |       |       |    11 |       |       |       |       ||    11
       Demon trident     |       |       |       |       |       |       |   297 |   953 |   258 ||  1508
Throw: Dart              |       |       |       |       |     4 |       |       |       |       ||     4
       Boomerang         |       |       |       |       |       |     9 |       |       |     3 ||    12
       Javelin           |       |       |       |       |       |     3 |       |       |       ||     3
 Cast: Summon Small Mamm |    14 |     5 |       |       |       |       |       |       |       ||    19
       Call Imp          |     4 |     9 |     8 |       |       |     1 |       |       |       ||    22
       Pain              |       |     8 |     2 |     1 |       |       |     1 |       |       ||    12
       Call Canine Famil |       |     3 |    15 |     5 |     2 |     3 |       |       |       ||    28
       Summon Lightning  |       |       |     9 |    76 |   121 |    72 |     4 |     6 |       ||   288
       Blink             |       |       |     4 |     4 |    12 |    10 |     7 |     1 |     4 ||    42
       Animate Armour    |       |       |    13 |    16 |    32 |    13 |     5 |     1 |       ||    80
       Summon Guardian G |       |       |     4 |     1 |     1 |     1 |       |       |       ||     7
       Gell's Gravitas   |       |       |       |     3 |     1 |     7 |     4 |       |     1 ||    16
       Airstrike         |       |       |       |    16 |   111 |   102 |    53 |    31 |     4 ||   317
       Death Channel     |       |       |       |       |     6 |     2 |     7 |     2 |       ||    17
       Silence           |       |       |       |       |       |     3 |     2 |     4 |     3 ||    12
       Summon Hydra      |       |       |       |       |       |   281 |   269 |   222 |    36 ||   808
       Simulacrum        |       |       |       |       |       |       |   101 |    10 |    11 ||   122
       Infestation       |       |       |       |       |       |       |    24 |    55 |     9 ||    88
       Storm Form        |       |       |       |       |       |       |       |     1 |       ||     1
       Lehudib's Crystal |       |       |       |       |       |       |       |       |    69 ||    69
Invok: Curse Item        |       |       |     4 |     3 |     3 |     3 |     3 |     2 |       ||    18
       Shatter the Chain |       |       |       |     1 |     2 |     2 |     2 |     1 |       ||     8
 Abil: End Transformatio |       |       |       |       |       |       |       |     1 |       ||     1
Evoke: Wand              |       |     2 |     3 |     1 |    23 |     5 |     7 |     6 |     5 ||    52
       Condenser vane    |       |       |       |       |     3 |     2 |     2 |     1 |     1 ||     9
       Lightning rod     |       |       |       |       |       |     4 |     1 |       |       ||     5
       Phial of floods   |       |       |       |       |       |     2 |     2 |     1 |       ||     5
       Box of beasts     |       |       |       |       |       |       |       |     1 |     1 ||     2
       Tin of tremorston |       |       |       |       |       |       |       |     2 |     1 ||     3
  Use: Scroll            |     2 |     3 |     4 |     2 |     9 |     6 |    24 |     8 |     6 ||    64
       Potion            |       |       |       |       |     5 |       |     1 |     5 |     1 ||    12
 Stab: Sleeping          |     1 |     3 |     2 |     2 |     1 |     3 |     2 |    28 |     4 ||    46
       Distracted        |       |     1 |     2 |     3 |     9 |     7 |    11 |    36 |     7 ||    76
       Petrified         |       |       |       |       |       |     3 |       |       |       ||     3
Armor: Leather armour    |    45 |    18 |    18 |    55 |    29 |       |       |       |       ||   165
       Ring mail         |       |       |       |       |   146 |   186 |   102 |    94 |    41 ||   569
       Ice dragon scales |       |       |       |       |    30 |       |       |       |       ||    30
Dodge: Dodged            |    83 |    50 |    39 |   223 |   593 |   459 |   281 |   284 |   104 ||  2116
       Repelled          |       |       |     2 |       |     2 |     8 |     4 |    10 |     2 ||    28
Block: Buckler           |       |       |       |       |       |       |   125 |    46 |       ||   171
       Kite shield       |       |       |       |       |       |       |       |   391 |   162 ||   553

Table legend: (Time is in decaauts)
 A = Elapsed time spent in this place.
 B = Non-inter-level travel time spent in this place.
 C = Inter-level travel time spent in this place.
 D = Time resting spent in this place.
 E = Time spent auto-exploring this place.
 F = Levels seen in this place.
 G = Mean time per level.
                   A        B        C        D        E       F      G
               +--------+--------+--------+--------+--------+-----+--------+
         Total |  83993 |  78281 |   5712 |  20598 |  36112 |  51 | 1646.9 |
       Dungeon |  20267 |  18663 |   1604 |   2708 |  11633 |  15 | 1351.1 |
          Lair |  11501 |  10445 |   1056 |   2675 |   5651 |   6 | 1916.8 |
        Shoals |   7944 |   7741 |    203 |   1993 |   4261 |   4 | 1986.0 |
   Spider Nest |   7463 |   6913 |    550 |   1707 |   3090 |   4 | 1865.8 |
  Orcish Mines |   4367 |   3572 |    795 |    771 |   1617 |   2 | 2183.5 |
   Elven Halls |   7998 |   7257 |    741 |   2463 |   2755 |   3 | 2666.0 |
        Vaults |   9607 |   9180 |    427 |   1918 |   4280 |   4 | 2401.8 |
         Crypt |   8142 |   7870 |    272 |   3488 |   1555 |   3 | 2714.0 |
        Depths |   2167 |   2106 |     61 |    627 |    737 |   2 | 1083.5 |
         Abyss |    442 |    442 |      0 |      0 |      0 |   4 |  110.5 |
         Sewer |    307 |    307 |      0 |      0 |    210 |   1 |  307.0 |
      Ice Cave |   2004 |   2004 |      0 |   1083 |    318 |   1 | 2004.0 |
       Volcano |    534 |    534 |      0 |    315 |      5 |   1 |  534.0 |
      Gauntlet |   1244 |   1244 |      0 |    849 |      0 |   1 | 1244.0 |
               +--------+--------+--------+--------+--------+-----+--------+

Top non-repeatable levels by time:
   Orc:2: 3659 daAuts
 Crypt:2: 3612 daAuts
   Elf:1: 3237 daAuts
Vaults:2: 3052 daAuts
Shoals:4: 2866 daAuts
 Crypt:3: 2750 daAuts
   Elf:3: 2740 daAuts
  Lair:4: 2707 daAuts
Vaults:1: 2676 daAuts
  Lair:6: 2382 daAuts
  Lair:3: 2359 daAuts
Spider:3: 2355 daAuts
    D:10: 2323 daAuts
Vaults:3: 2075 daAuts
     D:5: 2046 daAuts
